 Dungeon Crawl Stone Soup version 0.24.0-10-g970556be89 (webtiles) character file.

Game seed: 1692837345293946122, levelgen mode: deterministic

102563 Fistmachine the Warrior (level 15, -1/147 HPs)
             Began as a Purple Draconian Conjurer on Nov 1, 2019.
             Was the Champion of Okawaru.
             Killed from afar by a battlesphere (14 damage)
             ... created by a tengu reaver
             ... on level 15 of the Dungeon on Nov 4, 2019.
             The game lasted 03:52:10 (39848 turns).

Fistmachine the Warrior (DrCj)                     Turns: 39848, Time: 03:52:11

Health: -1/147     AC: 16    Str: 14    XL:     15   Next: 86%
Magic:  29/31      EV: 13    Int: 24    God:    Okawaru [******]
Gold:   1826       SH: 11    Dex: 16    Spells: 16/38 levels left

rFire    + . .     SeeInvis .   G - +9 demon blade (elec)
rCold    . . .     Gourm    .   W - +1 buckler {AC+3}
rNeg     . . .     Faith    .   (armour unavailable)
rPois    +         Spirit   .   L - +0 hat "Dinob" {Dex+4}
rElec    .         Reflect  +   y - +0 cloak
rCorr    .         Harm     .   X - +1 pair of gloves {Str+3}
MR       +++..                  h - +0 pair of boots of the Gate {rF+}
Stlth    ++........             H - +5 amulet of reflection
HPRegen  0.34/turn              c - ring of poison resistance
MPRegen  0.22/turn              Y - ring "Rolaang" {MR+ Int+3}

@: no status effects
A: breathe power, unfitting armour, cold-blooded, AC +9
a: Breathe Dispelling Energy, Heroism, Finesse, Renounce Religion


You were on level 15 of the Dungeon.
You worshipped Okawaru.
Okawaru was exalted by your worship.
You were not hungry.

You visited 4 branches of the dungeon, and saw 24 of its levels.
You also visited: Bailey.

You collected 2606 gold pieces.
You spent 780 gold pieces at shops.

Inventory:

Hand Weapons
 k - a +2 quarterstaff of crushing
 G - a +9 demon blade of electrocution (weapon)
Armour
 h - the +0 pair of boots of the Gate (worn) {rF+}
   (Okawaru gifted it to you on level 2 of the Orcish Mines)

   It protects you from fire.
 y - a +0 cloak (worn)
 J - the +1 pair of boots "Ymuoty" {*Corrode +Blink rC- Str+6}
   (You found it in a bailey)

   It affects your strength (+6).
   It makes you vulnerable to cold.
   It lets you blink.
   It may corrode you when you take damage.
 L - the +0 hat "Dinob" (worn) {Dex+4}
   (Okawaru gifted it to you on level 4 of the Lair of Beasts)

   It affects your dexterity (+4).
 P - the +2 pair of gloves of Indemnity {rC- rN++ MP+9}
   (You found it on level 3 of the Lair of Beasts)

   It makes you vulnerable to cold.
   It greatly protects you from negative energy.
   It affects your magic capacity (+9).
 W - a +1 buckler of protection (worn)
 X - a +1 pair of gloves of strength (worn)
Jewellery
 c - a ring of poison resistance (left hand)
 n - an uncursed amulet of harm
 s - an uncursed ring of magical power
 t - an uncursed ring of protection from magic
 E - a +6 ring of protection
 H - a +5 amulet of reflection (around neck)
 Y - the ring "Rolaang" (right hand) {MR+ Int+3}
   (You found it on level 6 of the Lair of Beasts)

   [ring of intelligence]

   It affects your intelligence (+3).
   It affects your resistance to hostile enchantments.
Wands
 u - a wand of paralysis (5)
 v - a wand of enslavement (4)
 I - a wand of digging (7)
 V - a wand of polymorph (3)
Scrolls
 a - 13 scrolls of remove curse
 d - a scroll of torment
 e - 7 scrolls of enchant weapon
 f - a scroll of brand weapon {unknown}
 i - a scroll of summoning {unknown}
 o - 2 scrolls of blinking {unknown}
 p - 4 scrolls of immolation
 r - 7 scrolls of amnesia
 x - 2 scrolls of fear {unknown}
 F - 3 scrolls of enchant armour {unknown}
 K - 3 scrolls of teleportation
 M - 4 scrolls of acquirement {unknown}
 U - 2 scrolls of magic mapping
Potions
 g - 2 potions of brilliance {unknown}
 j - 4 potions of curing
 l - 4 potions of lignification {unknown}
 m - 3 potions of magic {unknown}
 q - a potion of cancellation {unknown}
 w - 2 potions of resistance {unknown}
 z - 2 potions of haste
 A - 3 potions of flight {unknown}
 B - 4 potions of mutation {unknown}
 D - 5 potions of agility {unknown}
 N - a potion of invisibility {unknown}
 R - a potion of degeneration {unknown}
 S - a potion of might {unknown}
 T - a potion of heal wounds {unknown}
 Z - 2 potions of berserk rage {unknown}
Miscellaneous
 C - a phial of floods
 Q - a sack of spiders
Comestibles
 b - 20 rations


   Skills:
 + Level 17.1 Fighting
 + Level 13.4 Long Blades
 - Level 3.5 Staves
 - Level 2.0 Dodging
 - Level 2.0 Stealth
 - Level 4.0 Shields
 - Level 12.0 Spellcasting
 - Level 11.0 Conjurations
 - Level 6.0 Hexes
 - Level 7.0 Fire Magic
 - Level 3.1 Air Magic
 - Level 3.0 Invocations
 - Level 6.0 Evocations


You had 16 spell levels left.
You knew the following spells:

 Your Spells              Type           Power        Failure   Level  Hunger
a - Magic Dart            Conj           ####         1%          1    None
b - Searing Ray           Conj           ######       1%          2    None
c - Iskenderun's Mystic   Conj           ######..     1%          4    None
d - Fulminant Prism       Conj/Hex       ######....   1%          4    None
e - Mephitic Cloud        Conj/Pois/Air  #####...     1%          3    None
f - Conjure Flame         Conj/Fire      ######..     1%          3    None
g - Fireball              Conj/Fire      ######....   3%          5    ###....

Your spell library contained the following spells:

 Spells                   Type           Power        Failure   Level  Hunger
 Slow                     Hex            #####...     1%          2    None
 Dazzling Spray           Conj/Hex       ######       1%          3    None
 Apportation              Tloc           ##....       4%          1    None
 Beastly Appendage        Tmut           ##....       4%          1    None
 Ignite Poison            Fire/Tmut/Pois ####....     4%          3    None
 Force Lance              Conj/Tloc      #####...     4%          4    None
 Blink                    Tloc           N/A          6%          2    None
 Call Imp                 Summ           ##......     6%          2    None
 Sticks to Snakes         Tmut           ##......     6%          2    None
 Spider Form              Tmut/Pois      ##........   13%         3    None
 Bolt of Fire             Conj/Fire      ######....   16%         6    #####..
 Ice Form                 Ice/Tmut       ##......     38%         4    None
 Blade Hands              Tmut           ##........   75%         5    ###....
 Ring of Flames           Chrm/Fire      ####......   100%        7    ######.
 Ignition                 Fire           #####.....   100%        8    #######


Dungeon Overview and Level Annotations

Branches:
Dungeon (15/15)            Temple (1/1) D:6            Lair (6/6) D:8
 Shoals (0/4) Lair:3       Spider (0/4) Lair:4        Slime (0/5) Lair:6
    Orc (2/2) D:9             Elf (0/3) Orc:2        Vaults (0/5) D:13
 Depths (0/5) D:15         Bailey (visited)

Altars:
Ashenzari
Cheibriados
Elyvilon
Fedhas
Gozag
Hepliaklqana
Kikubaaqudgha
Nemelex Xobeh
Okawaru
Qazlal
Sif Muna
Trog
Uskayaw
Vehumet
Wu Jian
Xom
Yredelemnul
Zin
The Shining One
Beogh

Shops:
D:6 %   D:8 :   Orc:1 (   Orc:2 [:((

Portals:
Trove: D:13 (give 15 scrolls of teleportation)

Annotations:
D:5 1 runed translucent door, Emblim88's ghost, amateur CeHu
D:13 3 runed translucent doors, exclusion: 3 doors, Leinaam's ghost, journeyman MiBe
D:15 exclusion: 2 doors


Innate Abilities, Weirdness & Mutations

You can breathe bolts of dispelling energy.
Your rich purple scales are hard. (AC +9)
You cannot fit into any form of body armour.
You are cold-blooded and may be slowed by cold attacks.


Message History

g - Guard the area. f - Follow me.
Anything else - Cancel.
Gang up on whom?
Press: ? - help, Dir - move target cursor, f - tengu reaver
Aim: a tengu reaver, wielding a +1 long sword of holy wrath, wearing a +0 scale mail and wearing a +0 buckler (lava) Attack!
A battlesphere comes into view.
The tengu reaver casts a spell at you.
The bolt of lightning hits your soldier ant!!!
Your soldier ant dies!
Your soldier ant's corpse disappears in a puff of smoke!
The bolt of lightning hits you!!
The battlesphere fires!
The barrage of energy hits you!
The tengu reaver blocks your worker ant's attack.
You have got your breath back.
The tengu reaver casts a spell at you. The bolt of lightning hits you!!
* * * LOW HITPOINT WARNING * * *
The battlesphere fires!
The barrage of energy hits you!
You die...

#...#.#'#.#.#.##......# #
#......#......##..#..##
#.#.#'#.#.#.##########......#
#..().##'#+###########.#.#.##
#..#.#.##≈≈≈≈§§##.....##
.#..)...##%?$(§§##..#...#
#'#.⌠P..[#)#.§.≈##......#
..#..P8P.#+)#..$≈##.<.<..#
#.#+#..P⌠.@#(.##.≈##..>....
... #......#'...Q?≈##.......
#.# ###.#.###.*a.$≈#########
+# ##+#+#.)...##≈# ...°..'# ≈
#......+#.# ..#....'#.#'. ..
#...'#.#'..# § ..:##.#' ..#


You could see a tengu reaver, a battlesphere and a friendly worker ant.

Vanquished Creatures
  Frances (D:13)
  A tengu reaver (D:15)
  An orc warlord (Orc:2)
  A stone giant (D:15)
  Nessos (D:14)
  Snorg (D:12)
  A fire dragon (D:15)
  A deep elf high priest (D:12)
  3 vault guards (D:13)
  An ice dragon (Orc:2)
  5 hydras
  2 catoblepae
  17 two-headed ogres
  3 centaur warriors
  A merfolk avatar (Lair:6)
  A death knight (D:15)
  5 ogre magi
  A tengu warrior (D:15)
  Urug (Lair:5)
  A fire crab (D:15)
  2 unseen horrors
  7 orc knights
  2 wolf spider zombies
  2 harpies (Lair:6)
  4 orc sorcerers
  A wolf spider (D:15)
  A deep elf mage (D:15)
  2 oklob plants
  2 manticores
  5 cyclopes
  12 ugly things
  2 merfolk sirens (Lair:3)
  A guardian serpent (shapeshifter) (D:15)
  Psyche (D:8)
  A black mamba (Lair:3)
  7 elephants
  9 spiny frogs
  5 gargoyles
  3 centaur skeletons
  4 komodo dragons
  2 rime drakes (Lair:6)
  A yaktaur (D:12)
  An efreet (D:14)
  3 meliai
  2 wind drakes
  6 trolls
  7 polar bears
  A queen bee (Lair:4)
  15 blink frogs
  6 hippogriffs
  9 slime creatures
  2 hornets
  6 dream sheep (Lair:4)
  2 centaur simulacra (D:15)
  A spriggan (D:12)
  3 wraiths
  A shadow (D:14)
  6 wyverns
  A yak (shapeshifter) (D:15)
  2 vampires
  45 yaks
  4 basilisks
  4 steam dragons
  4 hungry ghosts
  6 wargs
  An acid dragon (D:15)
  6 porcupines
  9 water moccasins
  A black bear (D:9)
  25 orc warriors
  5 ice beasts
  4 phantoms
  5 sky beasts
  An ogre (shapeshifter) (D:12)
  4 wolves
  2 eyes of draining
  40 ogres
  4 centaurs (D:13)
  A boggart (shapeshifter) (D:12)
  11 crocodiles
  A big kobold (D:12)
  21 bullfrogs
  A gnoll sergeant (D:8)
  A wyvern zombie (D:13)
  A water moccasin skeleton (D:4)
  3 scorpions
  26 killer bees
  3 howler monkeys
  7 jellies
  21 wights
  An electric eel (Lair:3)
  7 crimson imps
  2 centaur zombies
  5 hounds
  18 orc priests
  3 bullfrog skeletons
  27 orc wizards
  Jessica (D:2)
  12 worker ants
  Terence (D:3)
  3 iguanas
  A killer bee zombie (D:5)
  A hound zombie (D:5)
  2 hound skeletons
  11 gnolls
  2 howler monkey skeletons
  10 adders
  4 shadow imps
  3 oozes
  3 adder skeletons
  2 worms
  2 dart slugs (D:3)
  9 leopard geckos
  98 orcs
  2 bats
  9 giant cockroaches
  8 hobgoblins
  19 jackals
  11 kobolds
  3 quokkas
  A ball python (D:8)
  9 frilled lizards
  9 goblins
  A jackal skeleton (D:4)
  5 rats
  4 bushes (Lair:3)
  A plant (Lair:5)
776 creatures vanquished.

Vanquished Creatures (collateral kills)
  A tengu reaver (D:15)
  A polar bear (Orc:2)
  An eye of draining (D:11)
  A killer bee (Lair:4)
  An iguana (D:13)
5 creatures vanquished.

Vanquished Creatures (others)
  A vault guard (D:13)
  A centaur warrior (D:15)
  2 worker ants (D:4)
  An adder (D:4)
  47 fulminant prisms
  26 fungi
  21 plants
99 creatures vanquished.

Grand Total: 880 creatures vanquished

Notes
Turn   | Place    | Note
-------+----------+-------------------------------------------
     0 | D:1      | Fistmachine the Draconian Conjurer began the quest for the
                  | Orb.
     0 | D:1      | Reached XP level 1. HP: 14/14 MP: 3/3
     2 | D:1      | Noticed a felid
     2 | D:1      | Noticed a demigod
     4 | D:1      | Noticed a formicid
     6 | D:1      | Noticed a troll
     6 | D:1      | Noticed a dwarf
     8 | D:1      | Noticed a minotaur
     8 | D:1      | Noticed an ogre
    10 | D:1      | Noticed a draconian
    12 | D:1      | Noticed a vampire
    14 | D:1      | Noticed a gargoyle
    14 | D:1      | Noticed an octopode
    16 | D:1      | Noticed a spriggan
    18 | D:1      | Noticed an elf
    18 | D:1      | Noticed a naga
    20 | D:1      | Noticed a ghoul
    20 | D:1      | Noticed a human
    22 | D:1      | Noticed a centaur
    22 | D:1      | Noticed a halfling
    24 | D:1      | Noticed a merfolk
    24 | D:1      | Noticed a tengu
    26 | D:1      | Noticed a vine stalker
    26 | D:1      | Noticed a demonspawn
   292 | D:1      | Reached XP level 2. HP: 20/20 MP: 0/5
   342 | D:1      | Learned a level 2 spell: Searing Ray
  1020 | D:2      | Noticed Jessica
  1022 | D:2      | Reached XP level 3. HP: 27/27 MP: 3/6
  1028 | D:2      | Killed Jessica
  1028 | D:2      | Reached skill level 1 in Fighting
  1348 | D:2      | Found an iron altar of Okawaru.
  1392 | D:2      | Found a faded altar of an unknown god.
  1568 | D:2      | Reached XP level 4. HP: 35/35 MP: 4/7
  2264 | D:3      | Reached skill level 5 in Conjurations
  2950 | D:3      | Reached skill level 2 in Fighting
  2983 | D:3      | Reached XP level 5. HP: 15/41 MP: 0/9
  3300 | D:3      | Found a radiant altar of Vehumet.
  3688 | D:2      | Became a worshipper of Warmaster Okawaru
  4181 | D:3      | Noticed Terence
  4238 | D:3      | Killed Terence
  4605 | D:3      | Found an ancient bone altar of Kikubaaqudgha.
  4607 | D:3      | Found a shimmering blue altar of Sif Muna.
  4616 | D:3      | Identified Sif Muna's Tome of the Blessed Realm
  4947 | D:4      | Reached XP level 6. HP: 48/50 MP: 11/11
  5340 | D:4      | Reached skill level 3 in Fighting
  5352 | D:4      | Learned a level 4 spell: Iskenderun's Mystic Blast
  5372 | D:4      | Reached * piety under Okawaru
  5505 | D:4      | Your scales start taking on a rich purple colour.
  5505 | D:4      | Reached XP level 7. HP: 50/57 MP: 4/13
  5630 | D:4      | Found a shimmering altar of Xom.
  5835 | D:4      | Reached skill level 4 in Fighting
  5835 | D:4      | Reached skill level 5 in Spellcasting
  6109 | D:5      | Entered Level 5 of the Dungeon
  6336 | D:5      | Reached ** piety under Okawaru
  6559 | D:5      | Reached XP level 8. HP: 67/67 MP: 16/16
  6714 | D:5      | Got a shimmering rapier
  6715 | D:5      | Identified the cursed +1 rapier of Disembowelment {speed,
                  | Str+3 Dex-3 Stlth+} (You found it on level 5 of the
                  | Dungeon)
  7027 | D:5      | Found a runed translucent door.
  7029 | D:5      | Noticed Emblim88's ghost (amateur CeHu)
  7210 | D:5      | Reached skill level 5 in Fighting
  7493 | D:6      | Found a staircase to the Ecumenical Temple.
  7493 | D:6      | You fall into a shaft and drop 2 floors!
  7984 | D:8      | Found a staircase to the Lair.
  8212 | D:8      | Reached *** piety under Okawaru
  8212 | D:8      | Reached skill level 6 in Fighting
  8329 | D:8      | Reached XP level 9. HP: 75/75 MP: 19/19
  9176 | D:6      | Found Com Mot's Food Emporium.
  9463 | D:6      | Found a blossoming altar of Fedhas.
  9487 | D:6      | Found a glowing golden altar of the Shining One.
  9487 | D:6      | Found a white marble altar of Elyvilon.
  9488 | D:6      | Found a glowing silver altar of Zin.
  9639 | D:6      | Found a snail-covered altar of Cheibriados.
  9724 | Temple   | Entered the Ecumenical Temple
  9857 | D:7      | Upgraded the game from 0.24.0-3-g28a8eb0610 to
                  | 0.24.0-7-gb3623d2c88
  9891 | D:7      | Reached skill level 10 in Conjurations
 10135 | D:7      | Learned a level 4 spell: Fulminant Prism
 10146 | D:7      | Reached **** piety under Okawaru
 10312 | D:7      | Reached skill level 7 in Fighting
 11059 | D:8      | Noticed Psyche
 11073 | D:8      | Killed Psyche
 11171 | D:8      | Reached ***** piety under Okawaru
 11252 | D:8      | Found Laamet's Book Boutique.
 11274 | D:8      | Reached XP level 10. HP: 87/88 MP: 22/22
 11493 | D:8      | Learned a level 3 spell: Mephitic Cloud
 11497 | D:8      | Learned a level 3 spell: Conjure Flame
 11952 | D:9      | Reached skill level 1 in Invocations
 11952 | D:9      | Reached skill level 1 in Evocations
 12266 | D:9      | Found a flagged portal.
 12273 | D:9      | Reached skill level 8 in Fighting
 12299 | Bailey   | Entered a bailey
 13177 | Bailey   | Got a pair of transparent boots
 13188 | Bailey   | Identified the +1 pair of boots "Ymuoty" {*Corrode +Blink
                  | rC- Str+6} (You found it in a bailey)
 13656 | D:9      | Received a gift from Okawaru
 13972 | D:9      | Found a staircase to the Orcish Mines.
 14143 | Orc:1    | Entered Level 1 of the Orcish Mines
 14349 | D:10     | Entered Level 10 of the Dungeon
 14499 | D:10     | Noticed a cyan ugly thing
 14658 | D:10     | Reached skill level 1 in Air Magic
 14899 | D:10     | Reached skill level 9 in Fighting
 15650 | D:10     | Reached XP level 11. HP: 82/97 MP: 13/24
 15988 | D:9      | Reached skill level 10 in Spellcasting
 16103 | Lair:1   | Entered Level 1 of the Lair of Beasts
 16398 | Lair:1   | Received a gift from Okawaru
 16399 | Lair:1   | Got a crystal hand axe {god gift}
 16498 | Lair:1   | Identified the +1 hand axe of Melee {freeze, SInv} (Okawaru
                  | gifted it to you on level 1 of the Lair of Beasts)
 16567 | Lair:1   | Reached skill level 1 in Staves
 17066 | Lair:1   | Noticed an eight-headed hydra
 17083 | Lair:1   | Killed a 12-headed hydra
 17396 | Lair:2   | Reached skill level 10 in Fighting
 17664 | Lair:2   | Received a gift from Okawaru
 17929 | D:8      | Bought a book of Fire for 780 gold pieces
 18113 | Lair:2   | Reached skill level 1 in Fire Magic
 18117 | Lair:2   | Reached skill level 1 in Hexes
 18119 | Lair:2   | Reached skill level 1 in Long Blades
 18497 | Lair:3   | Noticed a catoblepas
 18677 | Lair:3   | Got a pair of transparent gloves
 18688 | Lair:3   | Identified the +2 pair of gloves of Indemnity {rC- rN++
                  | MP+9} (You found it on level 3 of the Lair of Beasts)
 19037 | Lair:3   | Noticed a five-headed hydra
 19253 | Lair:3   | Killed a five-headed hydra
 19253 | Lair:3   | Received a gift from Okawaru
 19254 | Lair:3   | Reached XP level 12. HP: 104/108 MP: 27/27
 19272 | Lair:3   | Learned a level 5 spell: Fireball
 19429 | Lair:3   | Found a staircase to the Shoals.
 19524 | Lair:3   | Killed a catoblepas
 19524 | Lair:3   | Reached skill level 11 in Fighting
 19696 | Lair:3   | Reached skill level 5 in Fire Magic
 20055 | Lair:4   | Noticed a five-headed hydra
 20060 | Lair:4   | Killed a seven-headed hydra
 20060 | Lair:4   | Received a gift from Okawaru
 20063 | Lair:4   | Got a crude hat {god gift}
 20069 | Lair:4   | Identified the +0 hat "Dinob" {Dex+4} (Okawaru gifted it to
                  | you on level 4 of the Lair of Beasts)
 20695 | Lair:4   | Found a hole to the Spider Nest.
 20907 | Lair:4   | Upgraded the game from 0.24.0-7-gb3623d2c88 to
                  | 0.24.0-10-g970556be89
 21661 | Lair:5   | Reached skill level 5 in Hexes
 21827 | Lair:5   | Reached ****** piety under Okawaru
 22412 | Lair:6   | Entered Level 6 of the Lair of Beasts
 22567 | Lair:6   | Noticed a merfolk avatar
 22881 | Lair:6   | Noticed Urug
 22891 | Lair:5   | Killed Urug
 23053 | Lair:6   | Reached skill level 5 in Long Blades
 23634 | Lair:5   | Reached XP level 13. HP: 117/117 MP: 22/29
 24403 | Lair:5   | Reached skill level 12 in Fighting
 24452 | Lair:6   | Received a gift from Okawaru
 25097 | Lair:6   | Got a pitted silver ring
 25110 | Lair:6   | Identified the ring "Rolaang" {MR+ Int+3} (You found it on
                  | level 6 of the Lair of Beasts)
 25597 | Lair:6   | Reached skill level 13 in Fighting
 25744 | Lair:6   | Found a staircase to the Slime Pits.
 28079 | D:11     | Received a gift from Okawaru
 28806 | D:12     | Reached skill level 1 in Shields
 28887 | D:12     | Noticed Snorg
 28901 | D:12     | Killed Snorg
 29789 | D:12     | Reached XP level 14. HP: 130/130 MP: 23/30
 30034 | D:12     | Reached skill level 14 in Fighting
 30850 | D:13     | Found a gate to the Vaults.
 31768 | Orc:1    | Found Ludwinop's Antique Weapon Emporium.
 32526 | Orc:2    | Entered Level 2 of the Orcish Mines
 32765 | Orc:2    | Noticed an orc warlord
 33196 | Orc:1    | Reached skill level 10 in Long Blades
 33443 | Orc:2    | Received a gift from Okawaru
 33447 | Orc:2    | Reached skill level 5 in Evocations
 33450 | Orc:2    | Got a pair of ichor-stained boots {god gift}
 33461 | Orc:2    | Identified the +0 pair of boots of the Gate {rF+} (Okawaru
                  | gifted it to you on level 2 of the Orcish Mines)
 34240 | Orc:2    | Killed an orc warlord
 34240 | Orc:2    | Reached skill level 15 in Fighting
 34364 | Orc:2    | Found a roughly hewn altar of Beogh.
 34627 | Orc:2    | Found a staircase to the Elven Halls.
 34793 | Orc:2    | Found Tin Xehi's Weapon Boutique.
 34793 | Orc:2    | Found Natriceg's Weapon Emporium.
 34794 | Orc:2    | Found Voeth's Armour Shoppe.
 34794 | Orc:2    | Found Uliekhli's Book Boutique.
 35420 | D:13     | Reached XP level 15. HP: 141/141 MP: 19/31
 35647 | D:13     | Found a portal to a secret trove of treasure.
 35732 | D:13     | Found a runed translucent gate.
 35732 | D:13     | Found a runed translucent gate.
 35732 | D:13     | Found a runed translucent gate.
 35916 | D:13     | Noticed Frances
 35931 | D:13     | Killed Frances
 35931 | D:13     | Received a gift from Okawaru
 36284 | D:13     | Noticed Leinaam's ghost (journeyman MiBe)
 36301 | D:14     | Noticed Nessos
 36316 | D:14     | Killed Nessos
 37000 | D:14     | Reached skill level 16 in Fighting
 37349 | D:15     | Entered Level 15 of the Dungeon
 37881 | D:15     | Received a gift from Okawaru
 38181 | D:15     | Found a hazy altar of Hepliaklqana.
 38181 | D:15     | Found an ornate altar of the Wu Jian Council.
 38389 | D:15     | Found a staircase to the Depths.
 38542 | D:15     | Found a bloodstained altar of Trog.
 38893 | D:15     | Received a gift from Okawaru
 38894 | D:15     | Got a scorched great sword {god gift}
 38894 | D:15     | Noticed a tengu reaver
 38907 | D:15     | Killed a tengu reaver
 39346 | D:15     | Received a gift from Okawaru
 39346 | D:15     | Reached skill level 17 in Fighting
 39827 | D:15     | Noticed a tengu reaver
 39841 | D:15     | Killed a tengu reaver
 39842 | D:15     | Noticed a tengu reaver
 39848 | D:15     | Killed from afar by a battlesphere

Levels and vault maps discovered:
D:1:      kb_arrival_jail, layout_rooms, st_stairs_4, minmay_lizard_king
D:2:      layout_basic, kennysheep_okawaru_gauntlet, serial_corexii_hall,
          corexii_hall_statues_x, corexii_hall_statues_s,
          chequers_ecumenical_altar_simple, uniq_jessica
D:3:      layout_loops_corners, grunt_temple_overflow_magic_moments,
          first_ration, uniq_terence
D:4:      layout_basic, xom_confusion_cloud, minmay_misc_feat_four_crosses
D:5:      layout_basic, ebering_ghost_sewer_d
D:6:      layout_cave_pools, good_gods_temple_1, nicolae_overflow_hidden_temple,
          minmay_temple_entry_junction, serial_shops, nicolae_shop_statue_plus,
          chequers_serial_rivers_large_a, kennysheep_generic_room_7
D:7:      layout_gridville
D:8:      layout_basic, erik_lair_orcish_takeover, serial_shops, shop_fountains,
          nicolae_ossuary_entry_ruins, uniq_psyche
D:9:      layout_loops_corners, orc_0_dummy, enter_bailey_6
D:10:     layout_basic
D:11:     layout_layer_cave
D:12:     layout_irregular_city, the_bakery,
          minmay_checkered_concentric_circles, uniq_snorg
D:13:     layout_irregular_city, lightli_vaults_fourway_checkpoint,
          gammafunk_ghost_necromancy, enter_trove_0, uniq_frances
D:14:     layout_big_octagon, serial_bayou, serial_bayou_crossing,
          minmay_misc_feat_x, uniq_nessos
D:15:     hangedman_slaughterboxes, serial_shops
Temple:   nicolae_temple_x_marks_the_god
Lair:1:   layout_gridlike, serial_bayou_shore_b
Lair:2:   layout_loops_ring, serial_bayou_shore_a
Lair:3:   layout_long_grid, elwin_shoals_entry_rooms, minmay_lair_oklob_bushes,
          grunt_megastairs_2
Lair:4:   layout_cave_pods, spider_nest_entry_web_field, special_room
          [special_room_bee]
Lair:5:   layout_loops_ring, minivault_23, chequers_serial_rivers_micro_b
Lair:6:   gammafunk_lair_ancient_temple, layout_layer_cave,
          minmay_slime_entry_pillars, uniq_urug
Orc:1:    layout_caves, serial_shops, shop, mines3_lemuel
Orc:2:    st_orc_ogre_mass, layout_caves,
          portal_ice_cave_entry_animals_and_master, basic_altar

Skill      XL: |  1  2  3  4  5  6  7  8  9 10 11 12 13 14 15 |
---------------+----------------------------------------------+-----
Stealth        | 2 |  2.0
Dodging        | 2 |  2.0
Fighting       | 1 2 3 4 6 7 9 10 11 13 15 17 | 17.1
Conjurations   | 5 6 7 9 10 11 | 11.0
Spellcasting   | 3 4 5 6 8 9 11 12 | 12.0
Invocations    | 3 |  3.0
Evocations     | 3 6 |  6.0
Air Magic      | 3 |  3.1
Staves         | 3 |  3.5
Fire Magic     | 3 7 |  7.0
Hexes          | 3 5 6 |  6.0
Long Blades    | 2 5 9 11 13 | 13.4
Shields        | 2 4 |  4.0

Action                   |  1- 3 |  4- 6 |  7- 9 | 10-12 | 13-15 || total
-------------------------+-------+-------+-------+-------+-------++-------
Melee: Unarmed           |     6 |       |       |       |       ||     6
       Dagger            |    21 |    28 |    12 |       |       ||    61
       Tailslap          |     4 |     5 |     7 |    27 |   102 ||   145
       Rapier            |       |       |    47 |     7 |       ||    54
       Lajatang          |       |       |       |    58 |       ||    58
       Demon blade       |       |       |       |   117 |   658 ||   775
 Cast: Magic Dart        |    62 |   173 |   369 |   545 |   701 ||  1850
       Searing Ray       |       |     7 |    22 |    21 |     1 ||    51
       Iskenderun's Myst |       |       |    14 |    29 |   142 ||   185
       Fulminant Prism   |       |       |     7 |    20 |    20 ||    47
       Conjure Flame     |       |       |       |    40 |    49 ||    89
       Mephitic Cloud    |       |       |       |    14 |    23 ||    37
       Fireball          |       |       |       |    11 |    39 ||    50
Invok: Heroism           |       |       |       |     2 |     1 ||     3
 Abil: Breathe Dispellin |       |       |     3 |     2 |     3 ||     8
       Evoke Blink       |       |       |       |     3 |       ||     3
Evoke: Wand              |       |     4 |    12 |    19 |    25 ||    60
       Phial of floods   |       |       |       |     2 |     1 ||     3
       Sack of spiders   |       |       |       |       |     3 ||     3
  Use: Scroll            |       |     4 |     1 |    11 |     8 ||    24
       Potion            |       |       |       |     2 |       ||     2
 Stab: Sleeping          |       |       |       |     1 |     1 ||     2
       Confused          |       |       |       |     1 |     6 ||     7
       Paralysed         |       |       |       |       |     2 ||     2
  Eat: Chunk             |     2 |     9 |    14 |    15 |    29 ||    69
       Ration            |       |     1 |     2 |     9 |     8 ||    20
Armor: Skin              |     3 |    14 |    62 |   215 |   233 ||   527
Dodge: Dodged            |    16 |    31 |    78 |   280 |   232 ||   637
Block: Buckler           |       |       |       |       |   203 ||   203
       Reflection        |       |       |       |       |    21 ||    21
       Rpst.: Demon blade |       |       |       |    32 |    67 ||    99
